 Dungeon Crawl Stone Soup version 0.28-a0-589-g333b8329f1 (webtiles) character file.

Game seed: 11860207659857863555

39 bande the Covered (level 3, 0/24 HPs)
             Began as a Gargoyle Fighter on Oct 3, 2021.
             Killed by nerve-wracking pain
             ... invoked by Jessica
              (1 damage)
             ... on level 2 of the Dungeon.
             The game lasted 00:02:15 (904 turns).

bande the Covered (Gargoyle Fighter)                 Turns: 904, Time: 00:02:15

Health: 0/24       AC: 15    Str: 20    XL:     3   Next: 45%
Magic:  3/3        EV:  9    Int:  8    God:
Gold:   44         SH:  4    Dex:  9    Spells: 2/2 levels left

rFire   . . .      SeeInvis .   a - +0 war axe
rCold   . . .      Faith    .   c - +0 buckler
rNeg    + . .      Spirit   .   b - +0 scale mail
rPois   ∞          Reflect  .   (no helmet)
rElec   +          Harm     .   (no cloak)
rCorr   .          Rampage  .   g - +0 pair of gloves
Will    .....                   (no boots)
Stlth   ..........              (no amulet)
HPRegen 0.08/turn               f - +4 ring of protection
MPRegen 0.08/turn               (no ring)

@: slowed, very slow
A: sickness immunity, AC +3, negative energy resistance 1, electricity
resistance, torment resistance 1, petrification resistance
a: no special abilities


You were on level 2 of the Dungeon.
You visited 1 branch of the dungeon, and saw 2 of its levels.

You collected 44 gold pieces.

Inventory:

Hand Weapons
 a - a +0 war axe (weapon)
Armour
 b - a +0 scale mail (worn)
 c - a +0 buckler (worn)
 g - a +0 pair of gloves (worn)
Jewellery
 f - a +4 ring of protection (left hand)
Potions
 d - a potion of might
 e - a potion of mutation {unknown}
 h - a potion of curing {unknown}


   Skills:
 + Level 3.7 Fighting
 + Level 2.2 Axes
 + Level 3.7 Armour
 + Level 3.7 Shields


You had 2 spell levels left.
You didn't know any spells.
Your spell library contained the following spells:

 Spells                   Type           Power      Damage    Failure   Level
 Conjure Flame            Conj/Fire      0%         6-21      98%         3
 Ignite Poison            Fire/Tmut/Pois 0%         N/A       98%         3
 Sticky Flame             Conj/Fire      0%         2d3       100%        4


Dungeon Overview and Level Annotations

Branches:
Dungeon (2/15)

Altars:

Annotations:
D:2 Jessica


Innate Abilities, Weirdness & Mutations

You are immune to sickness and miasma.
Your stone body is resilient. (AC +3)
You are immune to poison.
You resist negative energy. (rN+)
You are resistant to electric shocks. (rElec)
You are resistant to unholy torment.
You are immune to petrification.


Message History

Jessica mumbles some strange words.
Jessica blinks!
The quokka bites you but does no damage. x2
The quokka completely misses you. Jessica completely misses you.
Unknown command.
The quokka barely misses you. You block Jessica's attack. The quokka bites you.
Jessica mumbles some strange words.
Jessica blinks!
Unknown command.
The quokka misses you. Jessica misses you.
You barely miss the quokka. You closely miss Jessica.
Jessica barely misses you. The quokka barely misses you.
You block Jessica's attack.
The quokka bites you but does no damage.
Jessica misses you. The quokka bites you.
You slash the quokka!
You kill the quokka!
You closely miss Jessica. Jessica hits you with a +0 dagger.
Jessica hits you but does no damage. Jessica hits you with a +0 dagger.
Jessica hits you but does no damage.
Jessica casts a spell.
Jessica blinks!
You see here a quokka corpse.
You barely miss Jessica.
You feel yourself speed up. Jessica hits you with a +0 dagger.
Jessica hits you but does no damage. You block Jessica's attack.
You closely miss Jessica. You block Jessica's attack.
Jessica hits you with a +0 dagger.
* * * LOW HITPOINT WARNING * * *
You closely miss Jessica. Jessica hits you but does no damage. x2
You hit Jessica but do no damage. Jessica casts a spell at you.
You feel yourself slow down. Jessica barely misses you.
Jessica hits you with a +0 dagger.
* * * LOW HITPOINT WARNING * * *
You closely miss Jessica. Jessica casts a spell at you.
Pain shoots through your body!
You die...

#...## .....###########
...............####
......#######.....##########
#.....## ##...............
####...####..#####..#####.#
..#.........##?.(##....##.##
..#.#.......#.....#..#.#.#.######
......###...'..@@.#.....###.#..).
.#....†.....#....$#....## ##..###
.......##...##!..##...## ##..#
#.#..........#####..##.## ##...#
#.#.##.##.##.......####.###.#..#
#.#.##.##)##......## #..#.##..#
..#.##.......###..# #.#.###..#
#.#.#####.##.###.## #.### #..#
##..##.....# #.# #..#


You could see Jessica (fast).

Vanquished Creatures
  A gnoll (D:1)
  A dart slug (D:1)
  2 ball pythons
  3 endoplasms (D:1)
  A giant cockroach (D:1)
  2 goblins
  3 hobgoblins (D:1)
  A kobold (D:1)
  2 quokkas
  3 bats (D:1)
  2 frilled lizards
  5 rats
26 creatures vanquished.

Notes
Turn   | Place    | Note
-------+----------+-------------------------------------------
     0 | D:1      | bande the Gargoyle Fighter began the quest for the Orb.
     0 | D:1      | Reached XP level 1. HP: 14/14 MP: 1/1
   183 | D:1      | Reached XP level 2. HP: 17/19 MP: 2/2
   418 | D:1      | Reached XP level 3. HP: 20/24 MP: 3/3
   887 | D:2      | Noticed Jessica
   903 | D:2      | HP: 1/24 [Jessica (3)]
   904 | D:2      | Killed from afar by Jessica

Illustrated notes

Levels and vault maps discovered:
D:1:      mainiacjoe_arrival_reflecting_pool, layout_rooms
D:2:      layout_loops_ring, shapermc_ecumenical_altar_ellora,
          kennysheep_jessica_study

Skill      XL: |  1  2 |
---------------+-------+-----
Axes           | 2 |  2.2
Fighting       | |  3.7
Armour         | |  3.7
Shields        | |  3.7

Action                   || total
-------------------------++-------
Melee: War axe           ||    74
  Use: Scroll            ||     1
Armor: Scale mail        ||    40
Dodge: Dodged            ||    49
Block: Buckler           ||    22

Table legend: (Time is in decaauts)
 A = Elapsed time spent in this place.
 B = Non-inter-level travel time spent in this place.
 C = Inter-level travel time spent in this place.
 D = Time resting spent in this place.
 E = Time spent auto-exploring this place.
 F = Levels seen in this place.
 G = Mean time per level.
                   A        B        C        D        E       F      G
               +--------+--------+--------+--------+--------+-----+--------+
         Total |    938 |    938 |      0 |    143 |    584 |   2 |  469.0 |
       Dungeon |    938 |    938 |      0 |    143 |    584 |   2 |  469.0 |
               +--------+--------+--------+--------+--------+-----+--------+

Top non-repeatable levels by time:
     D:1: 799 daAuts
     D:2: 138 daAuts
